 Dungeon Crawl Stone Soup version 0.31-a0-819-gf6de2f5ab6 (webtiles) character file.

Game seed: 284662304550685478

198 qw the Shooter (level 5, -3/33 HPs)
             Began as a Gargoyle Hunter on Sept 23, 2023.
             Slain by Edmund
             ... wielding a +1 heavy flail
              (10 damage)
             ... on level 4 of the Dungeon.
             The game lasted 00:00:52 (2780 turns).

qw the Shooter (Gargoyle Hunter)                    Turns: 2780, Time: 00:00:53

Health: -3/33      AC: 11    Str: 14    XL:     5   Next: 77%
Magic:  5/5        EV: 10    Int: 10    God:
Gold:   184        SH:  0    Dex: 15    Spells: 4/4 levels left

rFire   . . .        Y - +1 shortbow
rCold   . . .        (shield currently unavailable)
rNeg    + . .        d - +0 ring mail
rPois   inf          h - +0 helmet
rElec   +            f - +0 cloak
rCorr   .            (no gloves)
SInv    .            (no boots)
Will    .....        (no amulet)
Stlth   +            (no ring)
HPRegen 0.25/turn    (no ring)
MPRegen 0.09/turn

%: no passive effects
@: no status effects
A: sickness immunity, AC +4, negative energy resistance 1, electricity
resistance, torment resistance 1, petrification resistance
a: no special abilities


You were on level 4 of the Dungeon.
You visited 1 branch of the dungeon, and saw 4 of its levels.

You collected 184 gold pieces.


Innate Abilities, Weirdness & Mutations

You are immune to sickness and miasma.
Your stone body is resilient. (AC +4)
You are immune to poison.
You resist negative energy. (rN+)
You are resistant to electric shocks. (rElec)
You are resistant to unholy torment.
You are immune to petrification.


   Skills:
 + Level 3.7 Fighting
 - Level 6.0 Ranged Weapons
 - Level 1.0 Armour
 - Level 1.5 Dodging
 - Level 1.1 Stealth


You had 4 spell levels left.
You didn't know any spells.
Your spell library was empty.

Inventory:

Hand Weapons
 Y - a +1 shortbow (weapon)
Armour
 d - a +0 ring mail (worn)
 f - a +0 cloak (worn)
 h - a +0 helmet (worn)
Scrolls
 a - a scroll of identify
Potions
 e - 2 potions of haste
 g - a potion of mutation {unknown}

Dungeon Overview and Level Annotations

Branches:
Dungeon (4/15)
 Temple: D:4-7

Altars:
Vehumet
Wu Jian

Shops:
D:3 (

Annotations:
D:4 Edmund


Message History

It was a scroll of noise.
You hear an angry hiss.
Done exploring.
What level of the Dungeon? (default 3, ? - help)
There is an ornate altar of the Wu Jian Council here.
Things that are here:
a +0 dagger; a +0 robe
Things that are here:
a +0 short sword; 4 stones You see here a +0 club.
There is a stone staircase leading down here.
You climb downwards.
Found a spear.
There is a stone staircase leading up here.
Waypoint 3 assigned to D:4.
Edmund the Younger comes into view.
He is wielding a +1 heavy flail and wearing a +0 ring mail of poison resistance.
Edmund shouts!
You shoot an arrow.
The arrow hits Edmund but does no damage.
You shoot an arrow. The arrow hits Edmund.
Edmund is lightly wounded.
Edmund barely misses you.
You shoot an arrow. The arrow barely misses Edmund.
Edmund hits you with a +1 heavy flail!
You shoot an arrow. The arrow closely misses Edmund.
You shoot an arrow. The arrow closely misses Edmund.
Edmund hits you with a +1 heavy flail!
You shoot an arrow. The arrow hits Edmund!
Edmund is lightly wounded.
Edmund hits you with a +1 heavy flail.
You shoot an arrow. The arrow barely misses Edmund.
Edmund closely misses you.
You shoot an arrow. The arrow barely misses Edmund.
Edmund hits you with a +1 heavy flail.
You shoot an arrow. The arrow barely misses Edmund.
You shoot an arrow. The arrow hits Edmund.
Edmund is moderately wounded.
Edmund hits you with a +1 heavy flail!
You die...
Edmund says, "I'd like to see a scythe do that!"

.# # .# #.
##.# #..##..
#.....#######
#....#..
#.##.#.#
#.##.#.#
#.##.@.#
##.####@#
##..<## .#
#.....# .#
#.....# .#
#......# .#
#.#..... .#
#......####
##)##.##


You could see Edmund.

Vanquished Creatures
  Jessica (D:3)
  Natasha (twice) (D:3)
  An orc wizard (D:3)
  Robin (D:3)
  2 adders (D:3)
  A dart slug (D:2)
  4 orcs (D:3)
  4 bats
  4 endoplasms
  A giant cockroach (D:1)
  16 goblins
  6 hobgoblins
  6 ball pythons
  10 frilled lizards (D:1)
  4 kobolds
63 creatures vanquished.

Notes
Turn   | Place    | Note
-------+----------+-------------------------------------------
     0 | D:1      | qw the Gargoyle Hunter began the quest for the Orb.
     0 | D:1      | Reached XP level 1. HP: 12/12 MP: 1/1
     0 | D:1      | 0 ||| qw: Version: 0.3-a-83-gcd0e7d8
     0 | D:1      | 0 ||| qw: Game counter: 1716
     0 | D:1      | 0 ||| qw: Melee chars always use a shield: true
     0 | D:1      | 0 ||| qw: God list: Okawaru
     0 | D:1      | 0 ||| qw: Allow faded altars: false
     0 | D:1      | 0 ||| qw: Do Orc after clearing Dungeon:15 true
     0 | D:1      | 0 ||| qw: Do second Lair branch before Depths: true
     0 | D:1      | 0 ||| qw: Lair rune preference: random
     0 | D:1      | 0 ||| qw: Goals: Normal
     0 | D:1      | 0 ||| PLANNING D:1-11
   144 | D:1      | Reached XP level 2. HP: 17/17 MP: 2/2
   470 | D:1      | 470 ||| UPGRADING to +0 cloak.
   475 | D:1      | 475 ||| READING scroll labelled UNEDUT FIHOSH.
   476 | D:1      | 476 ||| READING scroll labelled HEMECK YK PEEL.
   477 | D:1      | 477 ||| DRINKING 2 fizzy coppery potions.
   478 | D:1      | 478 ||| DROPPING scroll of butterflies.
   496 | D:2      | Found a radiant altar of Vehumet.
   531 | D:2      | Reached XP level 3. HP: 21/21 MP: 3/3
   638 | D:2      | Reached skill level 5 in Ranged Weapons
  1233 | D:2      | 1233 ||| READING 3 scrolls labelled BUOFRE UMYW.
  1234 | D:2      | 1234 ||| READING scroll labelled HYOTRU FISKONOC.
  1239 | D:2      | 1239 ||| READING 2 scrolls of identify.
  1239 | D:2      | 1239 ||| IDENTIFYING fuming cyan potion
  1240 | D:2      | 1240 ||| DROPPING potion of degeneration.
  1335 | D:3      | Found a faded altar of an unknown god.
  1335 | D:3      | Noticed a sun demon
  1448 | D:3      | Reached skill level 3 in Fighting
  1448 | D:3      | Reached XP level 4. HP: 21/28 MP: 4/4
  1455 | D:3      | HP: 7/28 [orc/+0 hand axe of venom (4)]
  1553 | D:3      | Noticed Natasha
  1561 | D:3      | Killed Natasha
  1634 | D:3      | Found an ornate altar of the Wu Jian Council.
  1638 | D:3      | Noticed Jessica
  1645 | D:3      | Killed Jessica
  1646 | D:3      | Reached XP level 5. HP: 32/32 MP: 5/5
  2236 | D:3      | Noticed Robin
  2240 | D:3      | Killed Robin
  2241 | D:3      | Reached skill level 6 in Ranged Weapons
  2258 | D:3      | Reached skill level 1 in Armour
  2282 | D:3      | Noticed Natasha
  2283 | D:3      | 2283 ||| FLEEEEING.
  2362 | D:3      | Found Qiatug's Weapon Shop.
  2371 | D:3      | 2371 ||| SHOPLISTING +3 orcbow of flaming (279 gold, have
                  | 162).
  2415 | D:3      | Killed Natasha
  2610 | D:3      | 2610 ||| DROPPING scarf of harm.
  2611 | D:3      | 2611 ||| UPGRADING to +0 ring mail.
  2621 | D:3      | 2621 ||| DROPPING +0 leather armour.
  2622 | D:3      | 2622 ||| UPGRADING to +0 helmet.
  2627 | D:3      | 2627 ||| READING scroll labelled GIEMAFAYTAPS.
  2728 | D:3      | 2728 ||| READING scroll labelled NUZATI QOBLEN.
  2770 | D:4      | Noticed Edmund
  2778 | D:4      | HP: 6/33 [Edmund/+1 heavy flail (5)]
  2780 | D:4      | Slain by Edmund

Levels and vault maps discovered:
D:1:      lightli_arrival_maybe_door_vault, layout_rooms, minmay_lizard_pond
D:2:      layout_basic, basic_altar
D:3:      layout_loops_corners, mainiacjoe_overflow_small_starburst,
          serial_shops, shop, dreamdust_ecumenical_altar_sealed_demon,
          hangedman_glass_teeth, minmay_misc_feat_alley, uniq_robin,
          uniq_natasha, uniq_jessica
D:4:      layout_loops_ring, nicolae_ru_great_annihilating_truth, uniq_menkaure,
          uniq_edmund, uniq_crazy_yiuf_cottage

Skill      XL: |  1  2  3  4  5 |
---------------+----------------+-----
Ranged Weapons | 5 6 |  6.0
Fighting       | 3 |  3.7
Armour         | 1 |  1.0
Dodging        | |  1.5
Stealth        | |  1.1

Action                     |  1- 3 |  4- 6 || total
---------------------------+-------+-------++-------
   Fire: Shortbow          |    83 |   114 ||   197
    Use: Scroll            |     5 |     2 ||     7
         Potion            |     1 |       ||     1
 Armour: Leather armour    |    12 |    77 ||    89
         Ring mail         |       |     5 ||     5
  Dodge: Dodged            |    12 |    83 ||    95

Table legend:
 A = Non-vault XP
 B = Vault XP
 C = Vault XP percentage of total XP
 D = Non-vault monster count
 E = Vault monster count
 F = Vault count percentage of total count
                 A         B        C        D         E       F
            +---------+---------+-------+---------+---------+-------
      Total |     163 |     121 |  42.6 |      38 |      25 |  39.7
            +---------+---------+-------+---------+---------+-------
        D:1 |      22 |      10 |  31.2 |      12 |      10 |  45.5
        D:2 |      14 |       0 |   0.0 |       7 |       0 |   0.0
        D:3 |     127 |     111 |  46.6 |      19 |      15 |  44.1
            +---------+---------+-------+---------+---------+-------
